 Dungeon Sprint DCSS version 0.20.1-1-g8b1a95d (webtiles) character file.

276510 wojtek the Shatterer (level 12, 85/127 HPs)
             Began as a Minotaur Fighter on Jan 1, 2018.
             Was a High Priest of Trog.
             Escaped with the Orb!
             The game lasted 00:24:57 (5859 turns).

wojtek the Shatterer (Minotaur Fighter)             Turns: 5859, Time: 00:24:58

Health: 85/127     AC: 18    Str: 29    XL:     12   Next: 63%
Magic:  6/6        EV: 16    Int:  5    God:    Trog [*****.]
Gold:   845        SH:  0    Dex: 10    Spells: 11/11 levels left

rFire    + + +     SeeInvis +   x - +4 great mace (antimagic)
rCold    x . .     Gourm    .   (shield currently unavailable)
rNeg     . . .     Faith    .   I - +1 fire dragon scales of Pan-Flutes {rF++ rC- rCorr MP+9}
rPois    .         Spirit   .   (helmet restricted)
rElec    .         Reflect  .   (no cloak)
rCorr    +         Harm     .   q - +1 pair of gloves {Str+3}
MR       .....     NoTele   +   (no boots)
Stlth    ..........             (no amulet)
Regen    0.4/turn               H - ring of protection from fire
MPRegen  0.1/turn               D - ring of see invisible

@: very slightly contaminated, hasted, very quick
A: retaliatory headbutt, horns 2
0: Orb of Zot
a: Berserk, Trog's Hand, Brothers in Arms, Burn Spellbooks, Renounce Religion


You escaped.
You worshipped Trog.
Trog was extremely pleased with you.
You were not hungry.

You visited 1 branch You collected 4454 gold pieces.
You spent 3609 gold pieces at shops.

Inventory:

Hand Weapons
 a - a +0 flail
 x - a +4 antimagic great mace (weapon)
Armour
 c - a +0 shield
 f - a +3 ring mail of magic resistance
 m - a +4 scale mail of poison resistance
 p - a +3 plate armour of magic resistance
 q - a +1 pair of gloves of strength (worn)
 w - a +1 scale mail of cold resistance
 I - the +1 fire dragon scales of Pan-Flutes (worn) {rF++ rC- rCorr MP+9}
   (You bought it in a shop in the Dungeon)

   It greatly protects you from fire.
   It makes you vulnerable to cold.
   It affects your magic capacity (+9).
   It protects you from acid and corrosion.
Jewellery
 r - an uncursed ring of fire
 s - an uncursed ring of ice
 t - an uncursed ring of positive energy
 z - an uncursed ring of ice
 D - a ring of see invisible (right hand)
 H - a ring of protection from fire (left hand)
Wands
 b - a wand of confusion (13/48)
 v - a wand of lightning (12/15)
 B - a wand of acid (4/15)
Scrolls
 l - a scroll of summoning {unknown}
 n - 3 scrolls of identify
 y - a scroll of magic mapping {unknown}
 E - a scroll of enchant weapon
 F - 2 scrolls of enchant armour
 K - a scroll of fog {unknown}
 L - a scroll of recharging {unknown}
Potions
 d - 2 potions of might
 e - 7 potions of curing
 g - 2 potions of heal wounds
 h - 2 potions of haste
 i - 4 potions of magic
 j - a potion of berserk rage
 G - a potion of resistance
Miscellaneous
 o - a phial of floods
 A - a lightning rod (4/4)
Comestibles
 u - 2 bread rations
 C - 5 fruits


   Skills:
 + Level 17.8 Fighting
 * Level 23.3 Maces & Flails
 + Level 17.7 Armour
 + Level 13.6 Dodging
 - Level 3.6 Shields


You had 11 spell levels left.
You didn't know any spells.

Dungeon Overview and Level Annotations

Branches:
Dungeon (1/1)

Altars:
Cheibriados
Dithmenos
Elyvilon
Fedhas
Gozag
Hepliaklqana
Kikubaaqudgha
Makhleb
Nemelex Xobeh
Okawaru
Qazlal
Ru
Sif Muna
Trog
Uskayaw
Vehumet
Xom
Yredelemnul
Zin
The Shining One
Jiyva
Lugonu

Shops:
D ****[![%[***[*=[*?

Annotations:
D Tiamat


Innate Abilities, Weirdness & Mutations

You reflexively headbutt those who attack you in melee.
You have a pair of horns on your head.


Message History

The sun demon hits you!
You are engulfed in flames.
You resist.
You beat the sun demon like a drum!!!
You kill the sun demon!
Trog accepts your kill.
There is an open door here.
You feel much better.
There is an open door here.
You feel yourself speed up.
There is an open door here.
Things that are here:
a scythe; an embroidered robe
There is an open door here.
There is an open door here.
You see here a giant club.
You see here a +0 scale mail.
There is an open door here.
There is a staircase leading out of the dungeon here.
You can't go down here!
Unknown command.
You have escaped!

##################
#@.#..)..#..'..#__
#..'[.#..').#..'..
#..#####'#####'#__
#..####..#...#.###
#..#__####..##(#§§
#..#_____##'#..'§≈
#⌠⌠#_.∩...'.§._#≈§
####_..__##_.#'##§
#_____###'#.#((


There were no monsters in sight!

Vanquished Creatures
  4 fire giants (D)
  A lorocyproca (D)
  2 centaur warriors (D)
  A sun demon (D)
  A deep troll (D)
  5 unseen horrors (D)
  A lindwurm (D)
  An oklob plant (D)
  A merfolk siren (D)
  A gargoyle (D)
  4 demonic crawlers (D)
  2 kobold demonologists (D)
  A slime creature (D)
  5 hornets (D)
  2 redbacks (D)
  A yak (D)
  Sigmund (D)
  13 hogs (D)
  2 floating eyes (D)
  7 necrophages (D)
  An ogre (D)
  8 jellies (D)
  Ijyb (D)
  6 ballistomycetes (D)
72 creatures vanquished.

Vanquished Creatures (collateral kills)
  A golden dragon (D)
  A shadow dragon (D)
  A deep elf annihilator (D)
  A hydra (D)
  Sonja (D)
  2 unseen horrors (D)
  A merfolk siren (D)
  A hellwing (D)
  A floating eye (D)
10 creatures vanquished.

Vanquished Creatures (others)
  A glowing orange brain (D)
  A gargoyle (D)
  2 ballistomycete spores (D)
4 creatures vanquished.

Grand Total: 86 creatures vanquished

Notes
Turn   | Place    | Note
-------+----------+-------------------------------------------
     0 | D        | wojtek the Minotaur Fighter began the quest for the Orb.
     0 | D        | Reached XP level 1. HP: 19/19 MP: 0/0
     1 | D        | Noticed Ijyb
    14 | D        | Killed Ijyb
    14 | D        | Reached skill level 5 in Fighting
    14 | D        | Reached skill level 5 in Maces & Flails
    14 | D        | Reached XP level 2. HP: 27/29 MP: 1/1
    31 | D        | Noticed an ogre
    36 | D        | Killed an ogre
    36 | D        | Reached skill level 8 in Maces & Flails
    36 | D        | Reached XP level 3. HP: 27/38 MP: 2/2
    36 | D        | Reached XP level 4. HP: 32/45 MP: 3/3
   125 | D        | Noticed Sigmund
   135 | D        | Killed Sigmund
   135 | D        | Reached skill level 10 in Maces & Flails
   135 | D        | Reached XP level 5. HP: 48/53 MP: 4/4
   149 | D        | Found a burning altar of Makhleb.
   149 | D        | Found a viscous altar of Jiyva.
   149 | D        | Found a shimmering altar of Xom.
   149 | D        | Found a corrupted altar of Lugonu.
   149 | D        | Noticed a slime creature
   157 | D        | Killed a slime creature
   157 | D        | Reached skill level 12 in Maces & Flails
   157 | D        | Reached XP level 6. HP: 27/64 MP: 5/5
   339 | D        | Found a deep blue altar of Sif Muna.
   341 | D        | Found a radiant altar of Vehumet.
   375 | D        | Found Orhug's Assorted Antiques.
   375 | D        | Found an ancient bone altar of Kikubaaqudgha.
   375 | D        | Found a hazy altar of Hepliaklqana.
   375 | D        | Found a stormy altar of Qazlal.
   375 | D        | Found a hide-covered altar of Uskayaw.
   375 | D        | Found a blossoming altar of Fedhas.
   375 | D        | Found a bloodstained altar of Trog.
   375 | D        | Found an iron altar of Okawaru.
   375 | D        | Found a basalt altar of Yredelemnul.
   375 | D        | Found a glowing golden altar of the Shining One.
   375 | D        | Found a snail-covered altar of Cheibriados.
   375 | D        | Found a sacrificial altar of Ru.
   375 | D        | Found a glowing silver altar of Zin.
   375 | D        | Found a shadowy altar of Dithmenos.
   375 | D        | Found a white marble altar of Elyvilon.
   375 | D        | Noticed a yak
   379 | D        | Killed a yak
   379 | D        | Reached skill level 10 in Fighting
   379 | D        | Reached skill level 13 in Maces & Flails
   379 | D        | Reached skill level 10 in Armour
   379 | D        | Reached XP level 7. HP: 72/72 MP: 6/6
   380 | D        | Found an opulent altar of Gozag.
   383 | D        | Found a sparkling altar of Nemelex Xobeh.
   388 | D        | Became a worshipper of Trog the Wrathful
   413 | D        | Noticed a kobold demonologist
   413 | D        | Paralysed by a floating eye for 4 turns
   418 | D        | Noticed a hellwing
   418 | D        | Noticed a kobold demonologist
   421 | D        | Noticed a smoke demon
   425 | D        | Killed a kobold demonologist
   425 | D        | Reached * piety under Trog
   425 | D        | Reached skill level 14 in Maces & Flails
   426 | D        | Noticed a hellwing
   427 | D        | Noticed an ice devil
   429 | D        | Noticed a chaos spawn
   438 | D        | Killed a kobold demonologist
   438 | D        | Reached XP level 8. HP: 5/82 MP: 7/7
   470 | D        | Killed a gargoyle
   784 | D        | Noticed a centaur warrior
   790 | D        | Noticed a centaur warrior
   797 | D        | Killed a centaur warrior
   797 | D        | Reached ** piety under Trog
   797 | D        | Reached skill level 15 in Maces & Flails
   806 | D        | Killed a centaur warrior
   806 | D        | Reached skill level 16 in Maces & Flails
   806 | D        | Reached skill level 5 in Dodging
   806 | D        | Reached XP level 9. HP: 44/92 MP: 8/8
   998 | D        | Paralysed by a hornet for 3 turns
  1193 | D        | Noticed a deep troll
  1203 | D        | Killed a deep troll
  1203 | D        | Reached skill level 17 in Maces & Flails
  1215 | D        | Found Zuedyago's Armour Emporium.
  1382 | D        | Noticed an oklob plant
  1394 | D        | Killed an oklob plant
  1394 | D        | Reached *** piety under Trog
  1868 | D        | Reached XP level 10. HP: 86/101 MP: 9/9
  1942 | D        | Reached **** piety under Trog
  1950 | D        | Reached skill level 18 in Maces & Flails
  1970 | D        | Reached ***** piety under Trog
  1970 | D        | Received a gift from Trog
  2018 | D        | Received a gift from Trog
  2044 | D        | Found Irext's Assorted Antiques.
  2044 | D        | Found Xifusas's General Store.
  2044 | D        | Found Feesec's Antique Armour Boutique.
  2046 | D        | Found Jaggaos's Distillery.
  2046 | D        | Found Bunwesee's Antique Armour Shop.
  2046 | D        | Found Filles's Food Shoppe.
  2046 | D        | Found Anat's Antique Armour Boutique.
  2046 | D        | Found Nehoor's General Store.
  2046 | D        | Found Meumu's General Store.
  2046 | D        | Found Nuss's Assorted Antiques.
  2050 | D        | Found Huoham's Armour Boutique.
  2051 | D        | Found Dyjagi Deto's Jewellery Emporium.
  2051 | D        | Found Kuitseck's Assorted Antiques.
  2052 | D        | Found Hes Qaipn's General Store.
  2067 | D        | Bought a runed plate armour for 442 gold pieces
  2081 | D        | Bought a pair of embroidered gloves for 225 gold pieces
  2087 | D        | Bought a wooden ring for 95 gold pieces
  2095 | D        | Bought an iron ring for 100 gold pieces
  2137 | D        | Bought a gilded ring for 150 gold pieces
  2199 | D        | Bought a bread ration for 55 gold pieces
  2199 | D        | Bought a bread ration for 55 gold pieces
  2199 | D        | Bought a bread ration for 55 gold pieces
  2199 | D        | Bought a bread ration for 55 gold pieces
  2235 | D        | Noticed Sonja
  2241 | D        | Killed Sonja
  2485 | D        | Found Beghot's General Store.
  2575 | D        | Reached skill level 19 in Maces & Flails
  2822 | D        | Noticed a lindwurm
  2832 | D        | Killed a lindwurm
  2857 | D        | Reached ****** piety under Trog
  2859 | D        | Received a gift from Trog
  2882 | D        | Reached XP level 11. HP: 95/109 MP: 3/10
  2883 | D        | Reached skill level 15 in Fighting
  2886 | D        | Reached skill level 10 in Dodging
  2889 | D        | Reached skill level 15 in Armour
  2956 | D        | Noticed a 12-headed hydra
  2958 | D        | Killed a 12-headed hydra
  2958 | D        | Reached skill level 20 in Maces & Flails
  2959 | D        | Received a gift from Trog
  3076 | D        | Killed a lorocyproca
  3739 | D        | Noticed a shadow dragon
  3739 | D        | Noticed a golden dragon
  3742 | D        | Killed a shadow dragon
  3744 | D        | Killed a golden dragon
  3744 | D        | Reached skill level 21 in Maces & Flails
  3811 | D        | Found Yzedut's Magic Scroll Shoppe.
  3832 | D        | Bought a scroll of enchant weapon for 90 gold pieces
  3832 | D        | Bought a scroll of enchant armour for 90 gold pieces
  3832 | D        | Bought a scroll of enchant armour for 90 gold pieces
  3917 | D        | Noticed a daeva
  4000 | D        | Noticed an unseen horror
  4000 | D        | Noticed an unseen horror
  4000 | D        | Noticed an unseen horror
  4000 | D        | Noticed an unseen horror
  4009 | D        | Killed an unseen horror
  4011 | D        | Killed an unseen horror
  4014 | D        | Killed an unseen horror
  4015 | D        | Killed an unseen horror
  4271 | D        | Noticed an unseen horror
  4274 | D        | Killed an unseen horror
  4328 | D        | Noticed an unseen horror
  4330 | D        | Noticed an unseen horror
  4336 | D        | Killed an unseen horror
  4338 | D        | Killed an unseen horror
  4353 | D        | Bought a bread ration for 60 gold pieces
  5160 | D        | Noticed a deep elf annihilator
  5166 | D        | Reached XP level 12. HP: 117/122 MP: 3/11
  5172 | D        | Reached skill level 22 in Maces & Flails
  5181 | D        | Paralysed by a hornet for 2 turns
  5209 | D        | Noticed a mummy priest
  5212 | D        | Killed a deep elf annihilator
  5264 | D        | Bought an iron wand for 120 gold pieces
  5282 | D        | Bought a scroll of identify for 20 gold pieces
  5329 | D        | Bought a potion of haste for 120 gold pieces
  5329 | D        | Bought a potion of haste for 120 gold pieces
  5329 | D        | Bought a potion of heal wounds for 60 gold pieces
  5329 | D        | Bought a potion of heal wounds for 60 gold pieces
  5329 | D        | Bought a potion of curing for 36 gold pieces
  5334 | D        | Bought a potion of resistance for 120 gold pieces
  5334 | D        | Bought a scroll of blinking for 90 gold pieces
  5334 | D        | Bought a potion of curing for 36 gold pieces
  5337 | D        | Bought an uncursed ring of protection from fire for 300 gold pieces
  5340 | D        | Bought the +1 fire dragon scales of Pan-Flutes {rF++ rC- rCorr MP+9} for 965 gold pieces
  5459 | D        | Noticed a fire giant
  5472 | D        | Killed a fire giant
  5536 | D        | Noticed a fire giant
  5537 | D        | Noticed a fire giant
  5548 | D        | Noticed a fire giant
  5554 | D        | Killed a fire giant
  5560 | D        | Killed a fire giant
  5560 | D        | Reached skill level 23 in Maces & Flails
  5562 | D        | Killed a fire giant
  5752 | D        | Noticed Tiamat
  5788 | D        | Got the Orb of Zot
  5859 | D        | Escaped with the Orb!

Skill      XL: |  1  2  3  4  5  6  7  8  9 10 11 12 |
---------------+-------------------------------------+-----
Fighting       | 5 6 8 9 10 11 12 13 14 16 17 | 17.8
Maces & Flails | 5 8 10 12 13 14 16 17 19 21 23 | 23.3
Armour         | 4 6 8 9 10 11 12 13 14 16 17 | 17.7
Dodging        | 5 7 9 12 13 | 13.6
Shields        | |  3.6

Action                   |  1- 3 |  4- 6 |  7- 9 | 10-12 || total
-------------------------+-------+-------+-------+-------++-------
Melee: Flail             |    16 |    22 |    82 |   125 ||   245
       Headbutt          |     3 |     8 |    18 |    72 ||   101
       Great mace        |       |       |       |    93 ||    93
Invok: Berserk           |       |       |     1 |     2 ||     3
       Brothers in Arms  |       |       |       |    11 ||    11
Evoke: Wand              |       |       |     1 |       ||     1
  Use: Scroll            |       |       |       |     3 ||     3
       Potion            |       |       |       |     2 ||     2
  Eat: Bread ration      |       |       |     1 |     3 ||     4
       Fruit             |       |       |       |     2 ||     2
       Royal jelly       |       |       |       |     1 ||     1
       Chunk             |       |       |       |     1 ||     1
Armor: Scale mail        |     7 |     3 |    22 |    54 ||    86
       Plate armour      |       |       |       |    87 ||    87
       Fire dragon scale |       |       |       |     1 ||     1
Dodge: Dodged            |     3 |     5 |    16 |    85 ||   109
Block: Shield            |     6 |     6 |    34 |    46 ||    92
